 Dungeon Crawl Stone Soup version 0.31-a0-455-g1a7b003ef0 (webtiles) character file.

Game seed: 14062802973165489733

13981 Xavori the Carver (level 12, -34/85 HPs)
             Began as a Djinni Chaos Knight on Aug 3, 2023.
             Was a Plaything of Xom.
             Annihilated by an azure jelly (glowing shapeshifter) (42 damage)
             ... on level 10 of the Dungeon.
             The game lasted 00:19:19 (19984 turns).

Xavori the Carver (Djinni Chaos Knight)            Turns: 19984, Time: 00:19:19

Health: -34/85     AC: 15    Str: 18    XL:     12   Next: 39%
Gold:   429        EV: 15    Int: 17    God:    Xom [*.....] SH:  8 Dex: 26

rFire   + + +        t - +7 falchion "Oshroluna" {protect, rPois Int+3}
rCold   x x .        (no shield)
rNeg    . . .        B - +1 fire dragon scales
rPois   ∞            (no helmet)
rElec   .            C - +1 cloak "Gosah" {Str+5 Dex+4}
rCorr   .            m - +0 pair of gloves
SInv    .            (boots unavailable)
Will    ++...        u - brooch of Shielding {Spirit SH+8}
Stlth   ++           n - ring of wizardry
HPRegen 1.14/turn    z - +6 ring of dexterity
MPRegen 0.00/turn

%: guardian spirit, wizardry (x1), infuse magic (-35 HP)
@: flying, invisible
A: sickness immunity, fire resistance 2, cold vulnerability 1, float, innate
caster, HP casting, extra vitality 1, claws 1, iridescent scales 2, deformed
body, strong-willed 1, regeneration 1, MP-powered wands
a: Renounce Religion


You were on level 10 of the Dungeon.
You worshipped Xom.
You were a special plaything of Xom.
You visited 1 branch of the dungeon, and saw 11 of its levels.

You collected 549 gold pieces.
You spent 120 gold pieces at shops.

Inventory:

Hand Weapons
 a - a +1 falchion of chaos
 t - the +7 falchion "Oshroluna" (weapon) {protect, rPois Int+3}
   (You took it off a wight on level 9 of the Dungeon)

   Int:       It affects your intelligence (+3).
   rPois:     It protects you from poison.
 A - a +4 long sword
Missiles
 q - 2 throwing nets
Armour
 m - a +0 pair of gloves (worn)
 p - a +1 ring mail of cold resistance
 B - +1 fire dragon scales (worn)
 C - the +1 cloak "Gosah" (worn) {Str+5 Dex+4}
   (You found it on level 9 of the Dungeon)

   Str:       It affects your strength (+5).
   Dex:       It affects your dexterity (+4).
Jewellery
 n - a ring of wizardry (left hand)
 o - an amulet of the acrobat
 u - the brooch of Shielding (around neck) {Spirit SH+8}
   (You took it off a wight on level 9 of the Dungeon)

   [amulet of guardian spirit]

   It causes incoming damage to be divided between your reserves of health and
   magic.
   SH:        It affects your SH (+8).
 v - a ring of protection from fire
 z - a +6 ring of dexterity (right hand)
 D - a ring of ice
 E - a ring of fire
Wands
 d - a wand of paralysis (5)
 j - a wand of roots (17)
 s - a wand of light (19)
 x - a wand of mindburst (16)
Scrolls
 c - a scroll of butterflies
 e - 3 scrolls of enchant weapon
 k - 6 scrolls of teleportation
 r - 4 scrolls of fog
 y - a scroll of identify
Potions
 f - a potion of resistance
 g - a potion of heal wounds
 h - 7 potions of brilliance
 l - 2 potions of curing
 w - 2 potions of lignification
 F - a potion of mutation
Miscellaneous
 b - a phial of floods


   Skills:
 + Level 7.4 Fighting
 + Level 10.6 Long Blades
 + Level 7.3 Armour
 + Level 7.0 Dodging
 - Level 4.0 Stealth
 + Level 2.6 Shields
 * Level 5.1 Spellcasting
 * Level 5.1 Conjurations
 * Level 5.1 Hexes
 * Level 5.1 Summonings
 * Level 5.1 Necromancy
 * Level 5.1 Translocations
 * Level 5.1 Transmutations
 * Level 5.1 Fire Magic
 * Level 5.1 Ice Magic
 * Level 5.1 Air Magic
 * Level 5.1 Earth Magic
 * Level 5.1 Poison Magic
 * Level 6.1 Evocations


You knew the following spells:

 Your Spells              Type           Power      Damage    Failure   Level
a - Apportation           Tloc           42%        N/A       2%          1
b - Blink                 Tloc           42%        N/A       3%          2
c - Passwall              Tmut/Erth      17%        N/A       3%          2
d - Call Canine Familiar  Summ           21%        N/A       8%          3
e - Lee's Rapid Deconstr  Erth           10%        3d8*      52%         5
Your spell library was empty.

Dungeon Overview and Level Annotations

Branches:
Dungeon (11/15)            Temple (0/1) D:5            Lair (0/5) D:9
    Orc (0/2) D:10

Altars:
Cheibriados
Dithmenos
Elyvilon
Hepliaklqana
Makhleb
Qazlal
Ru
Trog
Uskayaw
Wu Jian
Xom
Yredelemnul
The Shining One

Shops:
D:4 !


Innate Abilities, Weirdness & Mutations

You are immune to sickness and miasma.
You are immune to poison.
Your flesh is very heat resistant. (rF++)
You are vulnerable to cold. (rC-)
You float through the air rather than walking.
You learn spells naturally, not from books.
Your magical power is your life essence.
You have superior vitality. (+4 MHP)
You have sharp fingernails.
You are mostly covered in iridescent scales. (AC +4)
Armour fits poorly on your strangely shaped body.
You are strong-willed. (Will+)
Your natural rate of healing is unusually fast.
You expend health (3 HP) to strengthen your wands.


Message History

You block the yak's attack.
You barely miss the yak.
The yak is almost dead.
The yak barely misses you.
You slash the yak!
You kill the yak!
Your Dodging skill increases to level 7!
You fade into invisibility!
You start resting.
A fenstrider witch comes into view.
Aiming: Paralyse
Press: ? - help, Shift-Dir - straight line, f - fenstrider witch
Aim: a fenstrider witch (chance to affect: 10%)
Okay, then.
Aiming: Mindburst
Press: ? - help, Shift-Dir - straight line, f - fenstrider witch
Aim: a fenstrider witch (chance to affect: 28%)
Okay, then.
Aiming: Bolt of Light
Press: ? - help, Shift-Dir - straight line, f - fenstrider witch
Aim: a fenstrider witch (57% to hit)
You feel a surge of power!
The bolt of light misses the fenstrider witch.
The fenstrider witch changes into a quicksilver dragon!
An azure jelly comes into view.
The azure jelly jiggles.
The azure jelly closely misses you. You block the azure jelly's attack.
The azure jelly misses you. The azure jelly completely misses you.
The azure jelly hits you but does no damage.
The azure jelly hits you. The azure jelly freezes you!!!
You feel a terrible chill!
Xom thinks this is hilarious!
Ouch! That really hurt!
* * * LOW HITPOINT WARNING * * *
You block the azure jelly's attack. The azure jelly barely misses you.
The azure jelly hits you.
* * * LOW HITPOINT WARNING * * *
The azure jelly freezes you!!!
You feel a terrible chill!
You die...
Xom titters!

........##.....##...............#
........##.....##...............+
........##......................#
........##.............C.........
............######........#......
......#######....#....[.)........
......#..........#..D#[[)..(.....
......#........J.#..........####.
...>..#######...@###†###....#..##
......# #....##....#....#....
......# #..........#....'..##
###...# #....#######....#..## #
#...# #....#######....#..## #
#...# #....##....'....#..## #
#...#######....##....#....#..## #
#...#....##....##....######..## #
#...#....##....##........##..##


You could see an azure jelly.

Vanquished Creatures
  Erolcha (D:9)
  2 centaur warriors (D:9)
  2 two-headed ogres
  A manticore (D:11)
  2 cyclopes (D:11)
  2 gargoyles
  A troll (D:11)
  Grinder (D:5)
  A tarantella (shapeshifter) (D:6)
  A raiju (shapeshifter) (D:8)
  A shadow (D:11)
  15 yaks
  2 wraiths (D:11)
  4 wyverns (D:9)
  4 vampire mosquitoes
  2 wargs (D:9)
  Edmund (D:4)
  A water moccasin (D:8)
  5 orc warriors
  A sky beast (D:6)
  2 black bears
  2 ogres (D:5)
  2 wolves (D:9)
  3 centaurs
  4 lemures
  A phantom (D:6)
  5 kobold brigands
  2 bullfrogs
  2 gnoll sergeants
  2 scorpions
  10 wights
  2 killer bees (D:9)
  4 howler monkeys
  2 hounds
  4 jellies
  9 orc priests
  2 gnoll boudas (D:4)
  4 iguanas
  2 sleepcaps
  9 orc wizards
  14 gnolls
  6 adders
  3 white imps
  2 ufetubi
  4 dart slugs
  26 orcs
  6 ball pythons
  8 endoplasms
  4 giant cockroaches
  3 goblins
  5 hobgoblins
  6 jackals
  A quokka (D:5)
  3 bats
  3 frilled lizards
  27 kobolds
  8 rats
252 creatures vanquished.

Vanquished Creatures (collateral kills)
  A kobold demonologist (D:9)
  Grum (D:9)
  A wolf (D:9)
  A bullfrog (D:7)
  4 wights (D:9)
  2 orcs
10 creatures vanquished.

Vanquished Creatures (others)
  An adder (D:2)
  2 goblins (D:2)
  A kobold (D:10)
4 creatures vanquished.

Grand Total: 266 creatures vanquished

Notes
Turn   | Place    | Note
-------+----------+-------------------------------------------
     0 | D:1      | Xavori the Djinni Chaos Knight began the quest for the Orb.
     0 | D:1      | Reached XP level 1. HP: 20/20 MP: 0/0
   384 | D:1      | XOM: noise
   613 | D:1      | XOM is BORED!
   613 | D:1      | XOM: 1-stop teleportation journey
   755 | D:1      | XOM: noise
   779 | D:1      | XOM: silly message
   780 | D:1      | Reached XP level 2. HP: 22/25 MP: 0/0
   783 | D:1      | XOM: potion effect (invisibility)
   833 | D:1      | XOM: divination: detect items
   853 | D:1      | Found a faded altar of an unknown god.
   901 | D:1      | XOM: noise
   929 | D:1      | XOM: noise
  1006 | D:1      | XOM: silly message
  1183 | D:1      | Reached skill level 3 in Long Blades
  1308 | D:1      | XOM: silly message
  1347 | D:1      | Reached XP level 3. HP: 30/30 MP: 0/0
  1347 | D:1      | Learned a level 1 spell: Apportation
  2250 | D:1      | XOM: noise
  2347 | D:1      | XOM: noise
  2476 | D:1      | XOM: silly message
  2830 | D:1      | XOM: give mutations
  2830 | D:1      | Gained mutation: You are partially covered in iridescent
                  | scales. (AC +2) [Xom's mischief]
  2830 | D:1      | Gained mutation: You are mostly covered in iridescent
                  | scales. (AC +4) [Xom's mischief]
  2830 | D:1      | Gained mutation: Your spells are a little harder to cast,
                  | but a little more powerful. [Xom's mischief]
  3398 | D:1      | XOM: silly message
  3539 | D:1      | XOM: give mutations
  3539 | D:1      | Lost mutation: Your spells are a little harder to cast, but
                  | a little more powerful. [Xom's mischief]
  3539 | D:1      | Gained mutation: Your body sometimes deteriorates upon
                  | taking damage. [Xom's mischief]
  4622 | D:1      | XOM is BORED!
  4622 | D:1      | XOM: give mutation
  4622 | D:1      | Lost mutation: Your body sometimes deteriorates upon taking
                  | damage. [Xom's mischief]
  4725 | D:1      | XOM: give mutations
  4725 | D:1      | Lost mutation: You are mostly covered in iridescent scales.
                  | (AC +4) [Xom's mischief]
  4725 | D:1      | Gained mutation: You have a pair of small horns on your
                  | head. [Xom's mischief]
  4725 | D:1      | Gained mutation: You are clumsy. (Dex -2) [Xom's mischief]
  4725 | D:1      | Gained mutation: You expend health (3 HP) to strengthen
                  | your wands. [Xom's mischief]
  5070 | D:1      | XOM: 4-stop teleportation journey
  5643 | D:1      | XOM: cloud trail
  6854 | D:1      | XOM: give mutations
  6854 | D:1      | Gained mutation: You are dopey. (Int -2) [Xom's mischief]
  6854 | D:1      | Gained mutation: You have sharp fingernails. [Xom's
                  | mischief]
  6854 | D:1      | Gained mutation: Your spells are a little easier to cast,
                  | but a little less powerful. [Xom's mischief]
  6854 | D:1      | Gained mutation: Your natural rate of healing is unusually
                  | fast. [Xom's mischief]
  7567 | D:1      | XOM: summons 2 hostile shadow creatures
  7806 | D:2      | XOM: give mutation
  7806 | D:2      | Gained mutation: You are strong-willed. (Will+) [Xom's
                  | mischief]
  7894 | D:1      | XOM: god gift: scroll labelled BUZORI ITOOC {god gift}
  7981 | D:1      | XOM: noise
  8282 | D:1      | XOM is BORED!
  8282 | D:1      | XOM: give mutations
  8282 | D:1      | Lost mutation: You are dopey. (Int -2) [Xom's mischief]
  8282 | D:1      | Gained mutation: You occasionally shout uncontrollably at
                  | your foes. [Xom's mischief]
  9136 | D:1      | XOM: give mutation
  9136 | D:1      | Gained mutation: You are dopey. (Int -2) [Xom's mischief]
  9434 | D:1      | XOM: noise
 10466 | D:2      | XOM: destruction
 10472 | D:2      | Reached XP level 4. HP: 35/35 MP: 0/0
 10614 | D:2      | XOM: silly message
 10685 | D:2      | XOM: silly message
 10843 | D:3      | Found a white marble altar of Elyvilon.
 10949 | D:3      | Found a basalt altar of Yredelemnul.
 10955 | D:3      | XOM: silly message
 11079 | D:3      | XOM: silly message
 11081 | D:3      | XOM: silly message
 11126 | D:3      | XOM: divination: detect creatures
 11474 | D:3      | Reached XP level 5. HP: 19/40 MP: 0/0
 11474 | D:3      | Learned a level 2 spell: Blink
 11502 | D:3      | Reached skill level 1 in Spellcasting
 11502 | D:3      | Reached skill level 1 in Conjurations
 11502 | D:3      | Reached skill level 1 in Hexes
 11502 | D:3      | Reached skill level 1 in Summonings
 11502 | D:3      | Reached skill level 1 in Necromancy
 11502 | D:3      | Reached skill level 1 in Translocations
 11502 | D:3      | Reached skill level 1 in Transmutations
 11502 | D:3      | Reached skill level 1 in Fire Magic
 11502 | D:3      | Reached skill level 1 in Ice Magic
 11502 | D:3      | Reached skill level 1 in Air Magic
 11502 | D:3      | Reached skill level 1 in Earth Magic
 11502 | D:3      | Reached skill level 1 in Poison Magic
 11518 | D:4      | Noticed a black bear
 11519 | D:4      | XOM: potion effect (might)
 11527 | D:4      | Killed a black bear
 11528 | D:4      | Reached XP level 6. HP: 36/46 MP: 0/0
 11532 | D:4      | Reached skill level 4 in Long Blades
 11594 | D:4      | Found Yguv's Distillery.
 11602 | D:4      | Bought 2 potions of heal wounds for 120 gold pieces
 11696 | D:4      | XOM: silly message
 11759 | D:4      | XOM: potion effect (might)
 11832 | D:4      | XOM: silly message
 12020 | D:4      | Found a snail-covered altar of Cheibriados.
 12053 | D:4      | XOM: silly message
 12062 | D:4      | Identified the +1 leather armour "Otezxibu" {-Tele Will+++
                  | Str+2}
 12088 | D:4      | XOM: divination: magic mapping
 12189 | D:4      | Reached XP level 7. HP: 26/50 MP: 0/0
 12189 | D:4      | Learned a level 2 spell: Passwall
 12375 | D:5      | Entered Level 5 of the Dungeon
 12416 | D:5      | Found a staircase to the Ecumenical Temple.
 12448 | D:5      | Reached skill level 5 in Long Blades
 12582 | D:5      | Noticed Edmund
 12588 | D:5      | XOM: summons 4 hostile demons
 12618 | D:5      | XOM: blink monster(s)
 12629 | D:4      | Killed Edmund
 12655 | D:5      | Reached skill level 1 in Stealth
 12690 | D:5      | Found a bloodstained altar of Trog.
 12692 | D:5      | Found a hide-covered altar of Uskayaw.
 12699 | D:5      | Reached XP level 8. HP: 58/58 MP: 0/0
 12756 | D:5      | XOM: noise
 12764 | D:5      | XOM: summons friendly crimson imp
 12821 | D:5      | XOM: 4-stop teleportation journey
 12882 | D:5      | Noticed Grinder
 12894 | D:5      | Killed Grinder
 12895 | D:5      | Reached skill level 6 in Long Blades
 12956 | D:5      | XOM: potion effect (haste)
 12982 | D:5      | XOM: summons 4 hostile shadow creatures
 12987 | D:5      | XOM: silly message
 13030 | D:5      | XOM: scenery: create altars
 13444 | D:6      | XOM: give mutations
 13444 | D:6      | Gained mutation: Your muscles are strong. (Str +4, Int/Dex
                  | -1) [Xom's grace]
 13444 | D:6      | Gained mutation: You are resistant to electric shocks.
                  | (rElec) [Xom's grace]
 13444 | D:6      | Gained mutation: You have very sharp fingernails. [Xom's
                  | grace]
 13490 | D:6      | Found a sacrificial altar of Ru.
 13504 | D:6      | XOM: summons friendly ufetubus
 13519 | D:6      | Reached XP level 9. HP: 63/63 MP: 0/0
 13519 | D:6      | Learned a level 3 spell: Call Canine Familiar
 13528 | D:6      | Found a burning altar of Makhleb.
 13541 | D:6      | XOM: polymorph jelly -> gnoll
 13733 | D:6      | Found an ornate altar of the Wu Jian Council.
 13734 | D:6      | Found a hazy altar of Hepliaklqana.
 13747 | D:6      | Found a stormy altar of Qazlal.
 13768 | D:6      | XOM: god gift: staff of earth
 13962 | D:6      | Reached skill level 5 in Dodging
 14384 | D:6      | XOM: divination: magic mapping
 14570 | D:7      | XOM: confusion (+ monsters)
 14570 | D:7      | Noticed Pikel
 14577 | D:7      | XOM: cast spell 'Cause Fear'
 14589 | D:7      | XOM: summons friendly quasit
 14622 | D:6      | Reached skill level 5 in Fighting
 14622 | D:6      | Reached skill level 7 in Long Blades
 14637 | D:7      | XOM: confusion
 14644 | D:6      | Pikel changed into Pikel the shapeshifter
 14644 | D:6      | Pikel the shapeshifter changed into Pikel the tarantella
 14644 | D:6      | Noticed Pikel (shapeshifter)
 14647 | D:6      | Killed Pikel the tarantella
 14648 | D:6      | XOM: swap monsters
 14678 | D:7      | XOM: blink monster(s)
 14687 | D:7      | XOM: chaos upgrade
 14701 | D:6      | XOM: confusion
 14707 | D:6      | XOM: noise
 14712 | D:6      | Reached skill level 5 in Armour
 15172 | D:7      | XOM: give mutation
 15172 | D:7      | Lost mutation: You have very sharp fingernails. [Xom's
                  | mischief]
 15248 | D:7      | Found a glowing golden altar of the Shining One.
 15315 | D:7      | XOM: summons friendly shadow imp
 15744 | D:8      | XOM: silly message
 15745 | D:8      | XOM: noise
 15752 | D:8      | XOM: confuse monster(s)
 15757 | D:8      | Reached XP level 10. HP: 61/70 MP: 0/0
 15757 | D:8      | XOM: cast spell 'Chain of Chaos'
 15762 | D:8      | Reached skill level 1 in Evocations
 15778 | D:8      | XOM: polymorph yak -> shapeshifter
 15783 | D:8      | XOM: summons friendly iron imp
 15803 | D:8      | Reached skill level 8 in Long Blades
 15807 | D:8      | XOM: fake destruction
 15811 | D:8      | XOM: divination: detect creatures
 15816 | D:8      | XOM: swap monsters
 15818 | D:8      | HP: 1/72 [yak (11)]
 16005 | D:8      | Identified the +0 spear of Okawaru's Whim {freeze, rF-
                  | Dex+5}
 16023 | D:8      | XOM: chaos upgrade
 16032 | D:8      | XOM: smoke on damage
 16383 | D:9      | Noticed Grum
 16385 | D:9      | XOM: swap monsters
 16388 | D:9      | XOM: summons 10 friendly demons
 16395 | D:9      | Killed Grum
 16429 | D:9      | Found a shadowy altar of Dithmenos.
 16458 | D:9      | Noticed Erolcha
 16504 | D:9      | XOM: cast spell 'Summon Mana Viper'
 16506 | D:9      | Killed Erolcha
 16692 | D:9      | Noticed a kobold demonologist
 16699 | D:9      | Noticed an orange demon
 16702 | D:9      | XOM: confusion (+ monsters)
 16706 | D:9      | XOM: fog
 16709 | D:9      | Killed a kobold demonologist
 16710 | D:9      | Reached XP level 11. HP: 76/76 MP: 0/0
 16710 | D:9      | Learned a level 5 spell: Lee's Rapid Deconstruction
 16772 | D:9      | Noticed a centaur warrior
 16778 | D:9      | Noticed a centaur warrior
 16785 | D:9      | XOM: noise
 16786 | D:9      | Killed a centaur warrior
 16787 | D:9      | Reached skill level 9 in Long Blades
 16796 | D:9      | Killed a centaur warrior
 16837 | D:9      | Identified the +1 trident of the Morning {freeze, Str+6
                  | Dex+3}
 16838 | D:9      | Identified the +1 cloak "Gosah" {Str+5 Dex+4}
 16858 | D:9      | Identified the +4 dagger of Yxouxe {drain, Str+3}
 16942 | D:9      | XOM: give mutations
 16942 | D:9      | Lost mutation: You have a pair of small horns on your head.
                  | [Xom's mischief]
 16942 | D:9      | Gained mutation: Armour fits poorly on your strangely
                  | shaped body. [Xom's mischief]
 16942 | D:9      | Lost mutation: You are clumsy. (Dex -2) [Xom's mischief]
 16942 | D:9      | Gained mutation: You occasionally lose the ability to read
                  | scrolls when taking damage. [Xom's mischief]
 16966 | D:9      | Noticed a two-headed ogre
 16972 | D:9      | XOM: butterfly on damage
 16977 | D:9      | Killed a two-headed ogre
 17025 | D:9      | Identified the +7 falchion "Oshroluna" {protect, rPois
                  | Int+3}
 17039 | D:9      | XOM: swap monsters
 17042 | D:9      | XOM: summons 5 hostile demons
 17127 | D:9      | XOM: 4-stop teleportation journey
 17156 | D:9      | XOM: 4-stop teleportation journey
 17312 | D:9      | Found a staircase to the Lair.
 17562 | D:9      | XOM: give mutations
 17562 | D:9      | Gained mutation: You are mostly covered in iridescent
                  | scales. (AC +4) [Xom's mischief]
 17562 | D:9      | Lost mutation: Your muscles are strong. (Str +4, Int/Dex
                  | -1) [Xom's mischief]
 17562 | D:9      | Lost mutation: You are resistant to electric shocks.
                  | (rElec) [Xom's mischief]
 17736 | D:10     | Entered Level 10 of the Dungeon
 17747 | D:10     | Reached skill level 5 in Evocations
 17759 | D:10     | Noticed a two-headed ogre
 17769 | D:10     | XOM: destruction
 17772 | D:10     | Killed a two-headed ogre
 17832 | D:10     | a yak changed into a glowing shapeshifter
 17832 | D:10     | Noticed a glowing shapeshifter (glowing shapeshifter)
 17832 | D:10     | XOM: polymorph yak -> glowing shapeshifter
 17832 | D:10     | a glowing shapeshifter changed into a mana viper
 17832 | D:10     | Noticed a mana viper (glowing shapeshifter)
 17834 | D:10     | a mana viper changed into a swamp worm
 17841 | D:10     | a water nymph changed into a swamp dragon
 17841 | D:10     | Noticed a swamp dragon (glowing shapeshifter)
 17842 | D:10     | a swamp dragon changed into a steelbarb worm
 17842 | D:10     | Noticed a steelbarb worm (glowing shapeshifter)
 17846 | D:10     | a steelbarb worm changed into a redback
 17848 | D:10     | a redback changed into a skyshark
 17848 | D:10     | Noticed a skyshark (glowing shapeshifter)
 17849 | D:10     | a skyshark changed into a moth of wrath
 17849 | D:10     | Noticed a moth of wrath (glowing shapeshifter)
 17851 | D:10     | a moth of wrath changed into a steelbarb worm
 17851 | D:10     | Noticed a steelbarb worm (glowing shapeshifter)
 17854 | D:10     | a steelbarb worm changed into a slime creature
 17859 | D:10     | a slime creature changed into a satyr
 17859 | D:10     | Noticed a satyr (glowing shapeshifter)
 17869 | D:10     | a satyr changed into a great orb of eyes
 17869 | D:10     | Noticed a great orb of eyes (glowing shapeshifter)
 17870 | D:10     | a great orb of eyes changed into a goliath frog
 17870 | D:10     | Noticed a goliath frog (glowing shapeshifter)
 17879 | D:10     | a goliath frog changed into a broodmother
 17879 | D:10     | Noticed a broodmother (glowing shapeshifter)
 17884 | D:10     | XOM: cleaving
 17884 | D:10     | a broodmother changed into a goliath frog
 17884 | D:10     | Noticed a goliath frog (glowing shapeshifter)
 17890 | D:10     | a goliath frog changed into a tyrant leech
 17894 | D:10     | a tyrant leech changed into a bunyip
 17894 | D:10     | Noticed a bunyip (glowing shapeshifter)
 17901 | D:10     | a bunyip changed into a quicksilver ooze
 17901 | D:10     | Noticed a quicksilver ooze (glowing shapeshifter)
 17903 | D:10     | a quicksilver ooze changed into a storm dragon
 17903 | D:10     | Noticed a storm dragon (glowing shapeshifter)
 17964 | D:10     | XOM: scenery: 1 doors open
 17976 | D:10     | Reached skill level 10 in Long Blades
 17976 | D:10     | Reached skill level 1 in Shields
 18029 | D:10     | XOM: summons 1 hostile demon
 18030 | D:10     | Noticed a sun demon
 18031 | D:10     | XOM: noise
 18050 | D:10     | XOM: summons 3 hostile demons
 18063 | D:11     | Identified the +0 chain mail "Qoluvaos" {Harm Rampage
                  | *Corrode Int+2}
 18228 | D:11     | XOM: 1-stop teleportation journey
 18536 | D:10     | XOM: give mutations
 18536 | D:10     | Lost mutation: You occasionally lose the ability to read
                  | scrolls when taking damage. [Xom's mischief]
 18536 | D:10     | Lost mutation: Your spells are a little easier to cast, but
                  | a little less powerful. [Xom's mischief]
 18536 | D:10     | Lost mutation: You occasionally shout uncontrollably at
                  | your foes. [Xom's mischief]
 18536 | D:10     | Lost mutation: You are dopey. (Int -2) [Xom's mischief]
 18718 | D:10     | Identified the +9 halberd "Qycwal" {freeze, rF+ Int+3}
 18742 | D:10     | XOM: chaos upgrade
 18756 | D:10     | Reached XP level 12. HP: 74/85 MP: 0/0
 18768 | D:10     | Found a staircase to the Orcish Mines.
 18957 | D:11     | XOM: chaos upgrade
 19008 | D:11     | XOM: cast spell 'Disjunction'
 19043 | D:11     | XOM: summons 3 friendly demons
 19108 | D:11     | XOM: noise
 19175 | D:11     | XOM: swap monsters
 19241 | D:11     | Reached skill level 5 in Spellcasting
 19241 | D:11     | Reached skill level 5 in Conjurations
 19241 | D:11     | Reached skill level 5 in Hexes
 19241 | D:11     | Reached skill level 5 in Summonings
 19241 | D:11     | Reached skill level 5 in Necromancy
 19241 | D:11     | Reached skill level 5 in Translocations
 19241 | D:11     | Reached skill level 5 in Transmutations
 19241 | D:11     | Reached skill level 5 in Fire Magic
 19241 | D:11     | Reached skill level 5 in Ice Magic
 19241 | D:11     | Reached skill level 5 in Air Magic
 19241 | D:11     | Reached skill level 5 in Earth Magic
 19241 | D:11     | Reached skill level 5 in Poison Magic
 19414 | D:11     | XOM: 3-stop teleportation journey
 19435 | D:11     | XOM: enchant monster (bad)
 19661 | D:11     | XOM: swap monsters
 19941 | D:10     | Noticed a fenstrider witch
 19945 | D:10     | XOM: summons friendly iron imp
 19952 | D:10     | a fenstrider witch changed into an iron troll
 19952 | D:10     | Noticed an iron troll (glowing shapeshifter)
 19960 | D:10     | an iron troll changed into a fire giant
 19960 | D:10     | Noticed a fire giant (glowing shapeshifter)
 19969 | D:10     | Noticed a fenstrider witch
 19970 | D:10     | a fenstrider witch changed into a quicksilver dragon
 19970 | D:10     | Noticed a quicksilver dragon (glowing shapeshifter)
 19976 | D:10     | Noticed an azure jelly
 19984 | D:10     | Annihilated by an azure jelly (glowing shapeshifter)

Illustrated notes

Levels and vault maps discovered:
D:1:      saegor_arrival_simple_b, layout_basic, ebering_ecumenical_altar_mist
D:2:      layout_basic
D:3:      layout_rooms, mainiacjoe_overflow_brackets, elyvilon_altar_4,
          kennysheep_nub
D:4:      layout_gridville, mainiacjoe_overflow_catwalk, serial_shops, shop
D:5:      layout_loops_cross, chequers_temple_overflow_statue_of_worship,
          minmay_temple_entry_steel_oval, uniq_edmund, uniq_grinder
D:6:      layout_basic, nicolae_overflow_hidden_temple, lemuel_round_altar,
          serial_curves, eino_curves_04, eino_curves_04, minmay_ruined_shrine
D:7:      layout_layer_cave, general_overflow_altar, uniq_pikel
D:8:      layout_rooms, marbit_many_paths
D:9:      minmay_the_grid_plus_closed [minmay_the_grid_minigrid_medium,
          minmay_the_grid_expand, minmay_the_grid_garden,
          minmay_the_grid_all_tris, minmay_the_grid_prize_diamond_cup],
          layout_irregular_city, nicolae_dithmenos_shadow_blocks,
          erik_lair_orcish_takeover, uniq_grum, uniq_erolcha
D:10:     layout_stronghold, orc_0_dummy
D:11:     layout_loops_corners

Skill      XL: |  1  2  3  4  5  6  7  8  9 10 11 12 |
---------------+-------------------------------------+-----
Long Blades    | 3 4 5 6 7 8 10 | 10.6
Armour         | 2 3 4 5 6 7 |  7.3
Spellcasting   | 1 2 3 4 5 |  5.1
Conjurations   | 1 2 3 4 5 |  5.1
Hexes          | 1 2 3 4 5 |  5.1
Summonings     | 1 2 3 4 5 |  5.1
Necromancy     | 1 2 3 4 5 |  5.1
Translocations | 1 2 3 4 5 |  5.1
Transmutations | 1 2 3 4 5 |  5.1
Fire Magic     | 1 2 3 4 5 |  5.1
Ice Magic      | 1 2 3 4 5 |  5.1
Air Magic      | 1 2 3 4 5 |  5.1
Earth Magic    | 1 2 3 4 5 |  5.1
Poison Magic   | 1 2 3 4 5 |  5.1
Dodging        | 3 4 5 6 7 |  7.0
Stealth        | 1 2 3 4 |  4.0
Fighting       | 4 5 6 7 |  7.4
Evocations     | 3 5 6 |  6.1
Shields        | 1 2 |  2.6

Action                     |  1- 3 |  4- 6 |  7- 9 | 10-12 || total
---------------------------+-------+-------+-------+-------++-------
  Melee: Falchion          |    98 |   126 |   423 |   490 ||  1137
         Punch             |     2 |     3 |     5 |    10 ||    20
         Headbutt          |     4 |    11 |    63 |    44 ||   122
         Long sword        |       |       |       |    95 ||    95
   Cast: Call Canine Famil |       |       |       |     3 ||     3
  Evoke: Wand              |       |       |     3 |     4 ||     7
    Use: Scroll            |     1 |       |    12 |     5 ||    18
         Potion            |       |     1 |     1 |     2 ||     4
   Stab: Invisible         |     1 |       |       |     2 ||     3
         Paralysed         |       |       |     5 |     9 ||    14
         Sleeping          |       |       |     1 |     2 ||     3
         Confused          |       |       |     3 |     1 ||     4
         Distracted        |       |       |       |     2 ||     2
 Armour: Leather armour    |    41 |    52 |     8 |       ||   101
         Ring mail         |       |       |   187 |    28 ||   215
         Fire dragon scale |       |       |       |   176 ||   176
  Dodge: Dodged            |    66 |    98 |   290 |   320 ||   774
  Block: Other             |       |       |       |   128 ||   128

Table legend: (Time is in decaauts)
 A = Elapsed time spent in this place.
 B = Non-inter-level travel time spent in this place.
 C = Inter-level travel time spent in this place.
 D = Time resting spent in this place.
 E = Time spent auto-exploring this place.
 F = Levels seen in this place.
 G = Mean time per level.
                   A        B        C        D        E       F      G
               +--------+--------+--------+--------+--------+-----+--------+
         Total |  19899 |  19550 |    349 |  10514 |   6561 |  11 | 1809.0 |
       Dungeon |  19899 |  19550 |    349 |  10514 |   6561 |  11 | 1809.0 |
               +--------+--------+--------+--------+--------+-----+--------+

Top non-repeatable levels by time:
     D:1: 10037 daAuts
     D:9: 1330 daAuts
     D:6: 1269 daAuts
    D:11: 1172 daAuts
    D:10: 1014 daAuts
     D:7: 1006 daAuts
     D:5: 1005 daAuts
     D:4: 902 daAuts
     D:2: 767 daAuts
     D:3: 729 daAuts
     D:8: 663 daAuts
